Map: Ascension to Aiur LE

Players

Zest - Winner!

  • Race: Protoss Protoss
  • League: Master
  • Spawn Location: 5:00

Stats

  • Race: Protoss Protoss
  • League: Master
  • Spawn Location: 11:00

Event: HomeStory Cup XVI

VOD

Have the link to the VOD?

Description

Time

  • Played on: Nov. 12, 2017, 2:24 p.m.
  • Length: 7:41

All games in this series

Show
View Real Time Build Order
Export as new Build Order

Zest Protoss - Winner!

Build Orders: Oracle Opening, Zealot Archon, Archon Drop 

Get SALT Encoding   

  12  0:02  Probe (Chrono Boost)  
  14  0:14  Probe (Chrono Boost)  
  14  0:17  Pylon  
  14  0:25  Probe (Chrono Boost)  
  15  0:31  Probe (Chrono Boost)  
  15  0:38  Gateway  
  15  0:40  Probe (Chrono Boost)  
  17  0:45  Assimilator  
  17  0:52  Probe (Chrono Boost)  
  17  0:54  Assimilator  
  18  0:59  Probe (Chrono Boost)  
  19  1:07  Probe (Chrono Boost)  
  20  1:12  Gateway  
  21  1:19  Probe (Chrono Boost)  
  21  1:25  Cybernetics Core  
  21  1:31  Probe (Chrono Boost)  
  22  1:33  Pylon  
  22  1:43  Probe (Chrono Boost)  
  23  1:52  Warp Gate  
  24  1:55  Probe (Chrono Boost)  
  24  2:01  Sentry  
  24  2:03  Stalker  
  28  2:11  Pylon  
  28  2:27  Nexus  
  28  2:33  Probe (Chrono Boost)  
  30  2:45  Probe (Chrono Boost)  
  30  2:47  Robotics Facility  
  30  2:55  Oracle  
  30  2:57  Probe (Chrono Boost)  
  31  3:03  Shield Battery  
  31  3:05  Sentry x2  
  35  3:09  Probe (Chrono Boost)  
  35  3:12  Shield Battery  
  37  3:21  Probe (Chrono Boost)  
  37  3:23  Pylon  
  37  3:32  Probe (Chrono Boost)  
  38  3:35  Probe (Chrono Boost)  
  38  3:38  Probe (Chrono Boost)  
  39  3:41  Observer  
  39  3:43  Probe (Chrono Boost)  
  39  3:44  Forge  
  39  3:47  Probe (Chrono Boost)  
  43  3:55  Probe (Chrono Boost)  
  44  3:56  Protoss Ground Weapons Level 1  
  44  3:59  Probe (Chrono Boost)  
  45  4:07  Probe (Chrono Boost)  
  46  4:10  Pylon  
  46  4:12  Probe (Chrono Boost)  
  46  4:14  Assimilator  
  46  4:15  Assimilator  
  47  4:19  Probe (Chrono Boost)  
  47  4:24  Immortal, Probe (Chrono Boost)  
  54  4:31  Probe (Chrono Boost)  
  54  4:36  Probe (Chrono Boost)  
  55  4:43  Probe (Chrono Boost)  
  56  4:46  Twilight Council  
  56  4:48  Probe (Chrono Boost)  
  56  4:51  Gateway x2  
  56  4:52  Gateway  
  57  4:54  Immortal  
  57  4:55  Gateway  
  57  4:58  Probe (Chrono Boost)  
  62  5:23  Charge, Templar Archives  
  62  5:33  Warp Prism  
  64  5:36  Nexus  
  64  5:40  Pylon  
  64  5:48  Gateway  
  64  5:49  Gateway  
  64  6:05  Pylon  
  64  6:12  High Templar x4, Zealot, Pylon  
  64  6:13  Zealot  
  76  6:19  Archon x2  
  76  6:20  Observer  
  76  6:21  Pylon  
  76  6:26  Pylon  
  76  6:29  Pylon  
  76  6:30  Immortal  
  80  6:44  Shield Battery  
  80  6:46  Shield Battery  
  80  6:53  High Templar x2  
  84  6:57  Archon  
  84  7:02  Shield Battery  
  84  7:04  Zealot x2  
  84  7:05  Zealot x4  
  84  7:06  Shield Battery  
  96  7:10  Shield Battery  
  96  7:26  Zealot x3  
Show
View Real Time Build Order
Export as new Build Order

Stats Protoss 

Build Orders: Zealot Archon 

Get SALT Encoding   

  12  0:02  Probe (Chrono Boost)  
  14  0:14  Probe (Chrono Boost)  
  14  0:17  Pylon  
  14  0:26  Probe (Chrono Boost)  
  15  0:33  Probe (Chrono Boost)  
  15  0:39  Gateway  
  15  0:41  Probe (Chrono Boost)  
  16  0:46  Assimilator  
  17  0:53  Probe (Chrono Boost)  
  17  0:55  Assimilator  
  18  0:59  Probe (Chrono Boost)  
  19  1:07  Probe (Chrono Boost)  
  20  1:12  Gateway  
  21  1:19  Probe (Chrono Boost)  
  21  1:27  Cybernetics Core  
  21  1:31  Probe (Chrono Boost)  
  22  1:36  Pylon  
  22  1:43  Probe (Chrono Boost)  
  23  1:56  Probe (Chrono Boost)  
  24  2:04  Stalker x2, Warp Gate  
  28  2:12  Pylon  
  28  2:33  Nexus  
  28  2:38  Sentry  
  28  2:39  Sentry  
  33  2:44  Probe (Chrono Boost)  
  33  2:56  Probe (Chrono Boost)  
  34  2:58  Robotics Facility  
  34  3:08  Probe (Chrono Boost)  
  35  3:15  Pylon  
  36  3:20  Probe (Chrono Boost)  
  36  3:21  Sentry  
  38  3:32  Forge, Probe (Chrono Boost)  
  39  3:38  Probe (Chrono Boost)  
  39  3:40  Shield Battery  
  39  3:42  Probe (Chrono Boost)  
  39  3:46  Probe (Chrono Boost)  
  39  3:47  Observer, Protoss Ground Weapons Level 1  
  42  3:49  Probe (Chrono Boost)  
  42  3:54  Probe (Chrono Boost)  
  44  4:00  Phoenix  
  44  4:01  Probe x2 (Chrono Boost)  
  46  4:09  Probe (Chrono Boost)  
  47  4:13  Probe (Chrono Boost)  
  47  4:15  Probe (Chrono Boost)  
  49  4:17  Immortal  
  49  4:23  Pylon  
  55  4:25  Assimilator, Probe (Chrono Boost)  
  55  4:30  Assimilator, Probe (Chrono Boost)  
  56  4:37  Probe (Chrono Boost)  
  57  4:40  Pylon  
  57  4:42  Probe (Chrono Boost)  
  57  4:44  Twilight Council  
  59  4:53  Probe (Chrono Boost)  
  59  4:55  Probe (Chrono Boost)  
  59  4:56  Immortal  
  64  5:01  Phoenix  
  64  5:10  Gateway x2  
  64  5:13  Gateway  
  64  5:17  Gateway  
  64  5:22  Charge  
  64  5:35  Warp Prism  
  64  5:36  Templar Archives  
  66  5:45  Nexus  
  66  5:50  Pylon  
  66  5:53  Phoenix  
  65  6:07  Zealot x4  
  65  6:09  Zealot  
  75  6:13  Pylon  
  75  6:15  Probe (Chrono Boost)  
  75  6:16  Probe (Chrono Boost)  
  75  6:17  Pylon  
  77  6:21  Zealot  
  79  6:33  High Templar x4, Zealot  
  79  6:39  Archon x2  
  89  6:41  Zealot  
  93  6:47  Probe x2 (Chrono Boost)  
  93  6:50  Shield Battery  
  93  6:53  Pylon  
  92  7:01  Zealot x2  
  92  7:05  Zealot x2  
  90  7:21  Zealot  
  73  7:36  Zealot  
Tags
 
Add a new tag
Caveats
  • Supply blocks, unpowered buildings, or Contaminate may cause inaccurate times.
  • Supply counts are checked every 10 seconds.